 Dungeon Crawl Stone Soup version 0.32-a0-22-g6ae6769602 (webtiles) character file.

Game seed: 4177369258518592649

768 Anos the Ruffian (level 7, -4/57 HPs)
             Began as a Ghoul Fighter on Jan 18, 2024.
             Slain by a gnoll
             ... wielding a +0 flail
             ... led by a gnoll sergeant
              (10 damage)
             ... on level 6 of the Dungeon.
             The game lasted 00:17:28 (2100 turns).

Anos the Ruffian (Ghoul Fighter)                    Turns: 2100, Time: 00:17:29

Health: -4/57      AC:  7    Str: 24    XL:     7   Next: 82%
Magic:  7/7        EV: 10    Int:  4    God:
Gold:   36         SH:  0    Dex:  8    Spells: 6/6 levels left

rFire   + + +        t - +6 quarterstaff "Fotoulim" {heavy, rF+ Str+2 Int-3}
rCold   + . .        (shield currently unavailable)
rNeg    + + +        a - +0 scale mail
rPois   ∞            u - +0 helmet
rElec   .            q - scarf {rC+ rF+}
rCorr   .            (no gloves)
SInv    .            (no boots)
Will    .....        (no amulet) Stlth
                     c - ring of fire
HPRegen 0.00/turn    (no ring)
MPRegen 0.10/turn

%: no passive effects
@: inhibited regen
A: claws 1, cold resistance 1, negative energy resistance 3, inhibited
regeneration, torment resistance 2, devour on kill
a: no special abilities


You were on level 6 of the Dungeon.
You visited 1 branch of the dungeon, and saw 6 of its levels.

You collected 156 gold pieces.
You spent 120 gold pieces at shops.

Inventory:

Hand Weapons
 k - a +0 trident
 o - a +0 falchion
 t - the +6 quarterstaff "Fotoulim" (weapon) {heavy, rF+ Str+2 Int-3}
   (You found it on level 4 of the Dungeon)

   Str+2:     It affects your strength (+2).
   Int-3:     It affects your intelligence (-3).
   rF+:       It protects you from fire.
 w - the +3 mace of Righteous Fury {elec, Dex+2}
   (You found it on level 3 of the Dungeon)

   Dex+2:     It affects your dexterity (+2).
Missiles
 h - 9 poisoned darts (quivered)
 s - 2 throwing nets
Armour
 a - a +0 scale mail (worn)
 b - a +0 buckler
 l - a +0 scale mail
 q - a scarf of resistance (worn)
 u - a +0 helmet (worn)
Jewellery
 c - a ring of fire (left claw)
 y - a ring of wizardry
 A - an amulet of faith
Wands
 B - a wand of polymorph (8)
Scrolls
 i - a scroll of silence {unknown}
 j - a scroll of fear {unknown}
 m - a scroll of amnesia {unknown}
 n - 2 scrolls of identify {unknown}
 r - a scroll of immolation {unknown}
 v - 2 scrolls of poison {unknown}
 x - a scroll of enchant armour {unknown}
Potions
 d - a potion of brilliance {unknown}
 e - a potion of haste {unknown}
 f - a potion of invisibility {unknown}
 g - 2 potions of degeneration {unknown}
 p - a potion of mutation {unknown}


   Skills:
 - Level 3.5 Fighting
 + Level 5.7 Staves
 - Level 2.6 Armour
 - Level 0.6 Dodging
 - Level 2.6 Shields
 - Level 6.0 Unarmed Combat


You had 6 spell levels left.
You didn't know any spells.
Your spell library contained the following spells:

 Spells                   Type           Power      Damage    Failure   Level
 Summon Blazeheart Golem  Fire/Summ      0%         N/A       100%        4
 Orb of Destruction       Conj           0%         9d5       100%        7
 Spellforged Servitor     Conj/Summ      0%         N/A       100%        7


Dungeon Overview and Level Annotations

Branches:
Dungeon (6/15)
 Temple: D:4-7

Altars:
Fedhas
Qazlal

Shops:
D:5 *:!

Annotations:
D:4 1 runed translucent door, Jaq's ghost, amateur DEAE


Innate Abilities, Weirdness & Mutations

You are immune to poison.
You have sharp fingernails.
Your flesh is cold resistant. (rC+)
You are immune to negative energy. (rN+++)
You do not regenerate when monsters are visible.
You are immune to unholy pain and torment.
You thrive by killing the living.


Message History

The gnoll hits you but does no damage.
The gnoll sergeant hits you with a +0 spear.
The gnoll hits you with a +0 flail. The gnoll hits you but does no damage.
The gnoll sergeant hits you from afar with a +0 spear.
* * * LOW HITPOINT WARNING * * *
The gnoll hits you but does no damage.
The gnoll sergeant hits you but does no damage.
The gnoll hits you with a +0 flail.
* * * LOW HITPOINT WARNING * * *
The gnoll hits you from afar with a +0 spear.
* * * LOW HITPOINT WARNING * * *
The gnoll closely misses you. The gnoll sergeant closely misses you.
The gnoll closely misses you. The gnoll sergeant closely misses you.
You climb downwards.
There is a stone staircase leading up here.
You feel much better. The gnoll hits you but does no damage.
The gnoll sergeant hits you with a +0 spear.
The gnoll hits you but does no damage.
You are too injured to fight recklessly!
You are too injured to fight recklessly!
You are too injured to fight recklessly!
You are too injured to fight recklessly!
You are too injured to fight recklessly!
You are too injured to fight recklessly!
You are too injured to fight recklessly!
You are too injured to fight recklessly!
You are too injured to fight recklessly!
The gnoll attacks as it pursues you! The gnoll hits you with a +0 flail.
The gnoll closely misses you.
The gnoll sergeant hits you with a +0 spear!
* * * LOW HITPOINT WARNING * * *
You completely miss the gnoll sergeant.
The gnoll sergeant is almost dead.
The gnoll hits you with a +0 flail.
* * * LOW HITPOINT WARNING * * *
The gnoll hits you but does no damage.
The gnoll sergeant hits you with a +0 spear!
* * * LOW HITPOINT WARNING * * *
The gnoll hits you with a +0 flail!
You die...

###### #....#
#....# +....+
#....#########
#............###
#####.....(.....
#.g@g......##
#..g.........
#...†..###.#.
#......# #
#......#
...#......###.#
..............#
...#..........#
####..........#


You could see a gnoll sergeant and 2 gnolls.

Vanquished Creatures
  2 black bears (D:5)
  An ogre (D:4)
  A phantom (D:5)
  2 scorpions (D:5)
  A bombardier beetle (D:4)
  5 hounds
  Terence (D:3)
  An iguana (D:5)
  4 adders
  2 dart slugs
  2 orcs
  3 bats
  5 endoplasms
  A giant cockroach (D:2)
  7 goblins
  3 hobgoblins
  4 quokkas
  3 ball pythons
  2 frilled lizards
  5 kobolds
55 creatures vanquished.

Notes
Turn   | Place    | Note
-------+----------+-------------------------------------------
     0 | D:1      | Anos the Ghoul Fighter began the quest for the Orb.
     0 | D:1      | Reached XP level 1. HP: 19/19 MP: 1/1
   243 | D:1      | Reached XP level 2. HP: 25/26 MP: 2/2
   453 | D:2      | Reached skill level 3 in Unarmed Combat
   472 | D:2      | Reached XP level 3. HP: 26/31 MP: 3/3
   592 | D:3      | Noticed Terence
   604 | D:3      | Killed Terence
   605 | D:3      | Reached skill level 4 in Unarmed Combat
   605 | D:3      | Reached XP level 4. HP: 36/38 MP: 4/4
   823 | D:4      | Reached skill level 5 in Unarmed Combat
   890 | D:4      | Found a runed translucent door.
   894 | D:4      | Noticed Jaq's ghost (amateur DEAE)
   915 | D:4      | Identified the +6 quarterstaff "Fotoulim" {heavy, rF+ Str+2
                  | Int-3}
   928 | D:4      | Noticed an ogre
   937 | D:4      | Killed an ogre
   938 | D:4      | Reached XP level 5. HP: 31/45 MP: 5/5
  1022 | D:4      | Found a stormy altar of Qazlal.
  1045 | D:4      | Reached skill level 6 in Unarmed Combat
  1177 | D:3      | Identified the +3 mace of Righteous Fury {elec, Dex+2}
  1276 | D:5      | Entered Level 5 of the Dungeon
  1276 | D:5      | Found Fetil's Book Shop.
  1379 | D:5      | Noticed a black bear
  1390 | D:5      | Killed a black bear
  1391 | D:5      | Reached XP level 6. HP: 24/51 MP: 6/6
  1638 | D:5      | Reached XP level 7. HP: 57/57 MP: 7/7
  1646 | D:5      | Found Fuegocs's Assorted Antiques.
  1647 | D:5      | Found a blossoming altar of Fedhas.
  1705 | D:5      | Found Qotaunk's Distillery.
  1726 | D:5      | Bought a potion of heal wounds for 60 gold pieces
  1726 | D:5      | Bought a potion of heal wounds for 60 gold pieces
  1758 | D:5      | Reached skill level 5 in Staves
  2100 | D:6      | Slain by a gnoll

Illustrated notes

Levels and vault maps discovered:
D:1:      heliophobic_arrival_dark_side_of_the_moon, layout_basic
D:2:      layout_rooms, shapermc_ecumenical_altar_mp_urbaneastern, serial_shops,
          shop, minmay_octomino_e4
D:3:      layout_rooms, uniq_terence
D:4:      layout_cave_pools, nicolae_overflow_hidden_temple,
          ebering_ghost_sewer_d
D:5:      kennysheep_spiral_hall, layout_cave_pools, fedhas_altar_2,
          serial_shops, shop, nicolae_shop_window_shopping,
          nicolae_shop_back_alley_shop, shop, nicolae_grassy_gnolls
D:6:      layout_basic, nicolae_ru_sacrificial_ziggurat,
          minmay_temple_entry_fiery, serial_shops, shop_fountains,
          serial_undead, serial_undead_e, serial_undead_b, serial_undead_e,
          serial_undead_f, serial_undead_f, minmay_ruffians

Skill      XL: |  1  2  3  4  5  6  7 |
---------------+----------------------+-----
Unarmed Combat | 3 4 5 6 |  6.0
Staves         | 2 3 5 |  5.7
Fighting       | |  3.5
Armour         | |  2.6
Dodging        | |  0.6
Shields        | |  2.6

Action                     |  1- 3 |  4- 6 |  7- 9 || total
---------------------------+-------+-------+-------++-------
  Melee: Unarmed           |    88 |    26 |       ||   114
         Quarterstaff      |       |    29 |    29 ||    58
  Throw: Dart              |     4 |     1 |       ||     5
    Use: Potion            |     1 |     1 |     4 ||     6
 Armour: Scale mail        |    63 |    50 |    95 ||   208
  Dodge: Dodged            |    47 |    41 |    46 ||   134
  Block: Buckler           |    27 |     2 |       ||    29

Table legend: (Time is in decaauts)
 A = Elapsed time spent in this place.
 B = Non-inter-level travel time spent in this place.
 C = Inter-level travel time spent in this place.
 D = Time resting spent in this place.
 E = Time spent auto-exploring this place.
 F = Levels seen in this place.
 G = Mean time per level.
                   A        B        C        D        E       F      G
               +--------+--------+--------+--------+--------+-----+--------+
         Total |   2137 |   2113 |     24 |      0 |      0 |   6 |  356.2 |
       Dungeon |   2137 |   2113 |     24 |      0 |      0 |   6 |  356.2 |
               +--------+--------+--------+--------+--------+-----+--------+

Top non-repeatable levels by time:
     D:5: 700 daAuts
     D:4: 573 daAuts
     D:1: 358 daAuts
     D:2: 231 daAuts
     D:6: 157 daAuts
     D:3: 117 daAuts
